 Dungeon Crawl Stone Soup version 0.30-a0-632-g346586fe48 (webtiles) character file.

Game seed: 13994069962718671978

102 Leeroy the Slasher (level 4, 0/33 HPs)
             Began as a Merfolk Warper on Jan 13, 2023.
             Slain by a goblin
             ... wielding a +0 dagger
             ... led by Robin
              (5 damage)
             ... on level 2 of the Dungeon.
             The game lasted 00:01:45 (1618 turns).

Leeroy the Slasher (Merfolk Warper)                 Turns: 1618, Time: 00:01:46

Health: 0/33       AC:  3    Str: 17    XL:     4   Next: 78%
Magic:  7/7        EV: 12    Int: 12    God:
Gold:   121        SH:  0    Dex: 15    Spells: 7/7 levels left

rFire   . . .      SeeInvis .    a - +0 falchion
rCold   . . .      Faith    .    (no shield)
rNeg    . . .      Spirit   .    b - +0 leather armour
rPois   .          Reflect  .    (no helmet)
rElec   .          Harm     .    (no cloak)
rCorr   .          Rampage  .    (no gloves)
Will    +....                    (no boots)
Stlth   +                        (no amulet)
HPRegen 0.25/turn                j - +6 ring of strength
MPRegen 0.10/turn                k - ring of willpower

@: no status effects
A: (nimble swimmer 2), mertail
a: no special abilities


You were on level 2 of the Dungeon.
You visited 1 branch of the dungeon, and saw 2 of its levels.

You collected 121 gold pieces.

Inventory:

Hand Weapons
 a - a +0 falchion (weapon)
Missiles
 d - 7 boomerangs of dispersal (quivered)
Armour
 b - a +0 leather armour (worn)
Jewellery
 j - a +6 ring of strength (left hand)
 k - a ring of willpower (right hand)
Scrolls
 c - 2 scrolls of blinking
 f - a scroll of butterflies {unknown}
 g - a scroll of identify {unknown}
 h - a scroll of enchant weapon {unknown}
Potions
 e - 2 potions of heal wounds {unknown}
 i - a potion of cancellation {unknown}


   Skills:
 - Level 2.1 Fighting
 + Level 5.8 Long Blades
 - Level 1.0 Throwing
 - Level 0.6 Armour
 - Level 2.6 Dodging
 - Level 2.0 Spellcasting
 - Level 2.4 Translocations


You had 7 spell levels left.
You didn't know any spells.
Your spell library contained the following spells:

 Spells                   Type           Power      Damage    Failure   Level
 Blink                    Tloc           12%        N/A       19%         2
 Lesser Beckoning         Tloc           12%        N/A       36%         3
 Teleport Other           Tloc           6%         N/A       36%         3
 Vhi's Electric Charge    Tloc/Air       8%         N/A       52%         3
 Manifold Assault         Tloc           6%         N/A       77%         4


Dungeon Overview and Level Annotations

Branches:
Dungeon (2/15)

Altars:

Annotations:
D:2 Robin


Innate Abilities, Weirdness & Mutations

((You are very nimble when in or above water. (Stealth+, EV+, Speed+++)))
Your lower body shifts to a powerful aquatic tail in water.


Message History

The goblin is moderately wounded.
The goblin barely misses you.
Robin laughs in a distinctly smug fashion.
You closely miss the goblin.
The goblin is moderately wounded.
A hobgoblin comes into view.
A goblin comes into view. It is wielding a +0 dagger.
The goblin barely misses you. Robin throws the goblin at you!
You closely miss the goblin.
The goblin is moderately wounded.
The hobgoblin shouts!
The goblin closely misses you.
The hobgoblin drinks a potion.
The hobgoblin seems to speed up.
A goblin comes into view. It is wielding a +0 dagger.
The goblin hits you with a +0 club. Robin throws the goblin at you!
You barely miss the goblin.
The goblin is moderately wounded.
The goblin shouts!
The goblin hits you with a +0 dagger. The goblin hits you with a +0 club.
A goblin comes into view. It is wielding a +0 dagger.
The goblin hits you with a +0 dagger.
You hit the goblin.
You kill the goblin!
The goblin misses you.
A hobgoblin comes into view.
The goblin hits you with a +0 dagger.
You closely miss the goblin. The goblin misses you.
The goblin hits you with a +0 club. The goblin closely misses you.
You hit the goblin.
The goblin is heavily wounded.
The goblin closely misses you. The goblin hits you with a +0 club.
The goblin hits you with a +0 dagger.
* * * LOW HITPOINT WARNING * * *
Robin throws the goblin at you!
You closely miss the goblin.
The goblin is heavily wounded.
The goblin hits you with a +0 dagger.
* * * LOW HITPOINT WARNING * * *
The goblin hits you with a +0 dagger.
You die...

#.# #.# #.#
#.########
#.........
#.########
#######.#######
#.....ggg......
#.#####@#####.#
#g# #g#


ggg gg# ..g. #..# #..# You could see Robin, 4 hobgoblins and 6 goblins.

Vanquished Creatures
  An orc priest (D:2)
  2 adders (D:2)
  A worm (D:2)
  3 orcs (D:2)
  3 ball pythons (D:1)
  5 endoplasms
  5 goblins
  A hobgoblin (D:1)
  4 jackals (D:2)
  9 kobolds (D:1)
  4 quokkas
  2 bats (D:1)
  2 frilled lizards
  4 rats
46 creatures vanquished.

Vanquished Creatures (others)
  13 plants (D:1)
13 creatures vanquished.

Grand Total: 59 creatures vanquished

Notes
Turn   | Place    | Note
-------+----------+-------------------------------------------
     0 | D:1      | Leeroy the Merfolk Warper began the quest for the Orb.
     0 | D:1      | Reached XP level 1. HP: 16/16 MP: 3/3
    82 | D:1      | Reached skill level 3 in Long Blades
    97 | D:1      | Reached XP level 2. HP: 19/22 MP: 5/5
   470 | D:1      | Reached skill level 4 in Long Blades
   483 | D:1      | Reached XP level 3. HP: 11/27 MP: 6/6
  1234 | D:2      | Reached skill level 5 in Long Blades
  1234 | D:2      | Reached XP level 4. HP: 24/33 MP: 7/7
  1606 | D:2      | Noticed Robin
  1618 | D:2      | Slain by a goblin

Illustrated notes

Levels and vault maps discovered:
D:1:      lightli_iron_boxes, layout_basic, minmay_door_square,
          serial_park_tiny_1, lexackson_kobold_supper
D:2:      layout_basic, chequers_jeans, chequers_serial_rivers_micro_d,
          uniq_terence, uniq_robin

Skill      XL: |  1  2  3 |
---------------+----------+-----
Long Blades    | 3 4 5 |  5.8
Fighting       | |  2.1
Throwing       | |  1.0
Armour         | |  0.6
Dodging        | |  2.6
Spellcasting   | |  2.0
Translocations | |  2.4

Action                   |  1- 3 |  4- 6 || total
-------------------------+-------+-------++-------
Melee: Falchion          |   130 |    47 ||   177
       Punch             |     2 |       ||     2
Armor: Leather armour    |    30 |     9 ||    39
Dodge: Dodged            |    88 |    20 ||   108

Table legend: (Time is in decaauts)
 A = Elapsed time spent in this place.
 B = Non-inter-level travel time spent in this place.
 C = Inter-level travel time spent in this place.
 D = Time resting spent in this place.
 E = Time spent auto-exploring this place.
 F = Levels seen in this place.
 G = Mean time per level.
                   A        B        C        D        E       F      G
               +--------+--------+--------+--------+--------+-----+--------+
         Total |   1631 |   1595 |     36 |      0 |   1263 |   2 |  815.5 |
       Dungeon |   1631 |   1595 |     36 |      0 |   1263 |   2 |  815.5 |
               +--------+--------+--------+--------+--------+-----+--------+

Top non-repeatable levels by time:
     D:1: 1047 daAuts
     D:2: 584 daAuts
